 Dungeon Crawl Stone Soup version 0.30-a0-123-g91d0c66ccf (webtiles) character file.

Game seed: 11704470116781254528

809 Zonian the Magician (level 7, -1/36 HPs)
             Began as a Deep Elf Ice Elementalist on Sept 18, 2022.
             Slain by a gnoll sergeant
             ... wielding a +2 vorpal spear
              (6 damage)
             ... on level 5 of the Dungeon.
             The game lasted 00:16:47 (8312 turns).

Zonian the Magician (Deep Elf Ice Elementalist)     Turns: 8312, Time: 00:16:47

Health: -1/36      AC:  5    Str:  5    XL:     7   Next: 61%
Magic:  17/19      EV: 15    Int: 22    God:
Gold:   318        SH:  0    Dex: 21    Spells: 9/20 levels left

rFire   . . .      SeeInvis .    e - +0 short sword
rCold   . . .      Faith    .    (no shield)
rNeg    . . .      Spirit   .    a - +0 robe
rPois   .          Reflect  .    (no helmet)
rElec   .          Harm     .    (no cloak)
rCorr   .          Rampage  .    f - +2 pair of gloves
Will    .....                    (no boots)
Stlth   +++.......               (no amulet)
HPRegen 0.12/turn                q - ring of flight
MPRegen 0.16/turn                o - +6 ring of dexterity

@: flying
A: no striking features
a: no special abilities


You were on level 5 of the Dungeon.
You visited 1 branch of the dungeon, and saw 5 of its levels.

You collected 318 gold pieces.

Inventory:

Hand Weapons
 e - a +0 short sword (weapon)
Armour
 a - a +0 robe (worn)
 f - a +2 pair of gloves (worn)
 t - an orb of guile
Magical Staves
 d - a staff of conjuration
 l - a staff of air
Jewellery
 m - a ring of fire
 o - a +6 ring of dexterity (right hand)
 q - a ring of flight (left hand)
Scrolls
 h - a scroll of teleportation
 i - a scroll of butterflies
 j - a scroll of identify
 n - a scroll of magic mapping
 p - a scroll of blinking {unknown}
Potions
 b - 2 potions of magic
 c - 2 potions of haste {unknown}
 g - a potion of berserk rage {unknown}
 k - 2 potions of lignification
 r - 4 potions of brilliance
 s - a potion of attraction {unknown}
 u - a potion of flight {unknown}


   Skills:
 + Level 5.2 Dodging
 + Level 5.5 Stealth
 * Level 7.4 Spellcasting
 + Level 0.9 Conjurations
 + Level 6.1 Ice Magic


You had 9 spell levels left.
You knew the following spells:

 Your Spells              Type           Power      Damage    Failure   Level
a - Freeze                Ice            100%       1d11      1%          1
b - Frozen Ramparts       Ice            70%        1d11      1%          3
c - Ozocubu's Armour      Ice            35%        N/A       1%          3
d - Hailstorm             Conj/Ice       23%        3d7       19%         4

Your spell library contained the following spells:

 Spells                   Type           Power      Damage    Failure   Level


Dungeon Overview and Level Annotations

Branches:
Dungeon (5/15)
 Temple: D:4-7

Altars:


Message History

Unknown command.
You hit the gnoll but do no damage.
The gnoll is almost dead.
The wall freezes the gnoll sergeant.
The gnoll sergeant closely misses you.
The wall freezes the gnoll!
You kill the gnoll!
The wall freezes the gnoll.
You kill the gnoll!
You hit the gnoll sergeant but do no damage.
The gnoll sergeant is heavily wounded.
The wall freezes the gnoll sergeant!
The gnoll sergeant barely misses you.
The wall freezes the gnoll!
The gnoll misses you.
Unknown command.
You hit the gnoll sergeant but do no damage.
The gnoll sergeant is severely wounded.
The wall freezes the gnoll sergeant but does no damage.
The gnoll sergeant hits you with a +2 vorpal spear.
The wall freezes the gnoll but does no damage.
The gnoll closely misses you.
Unknown command.
You hit the gnoll sergeant but do no damage.
The gnoll sergeant is severely wounded.
The wall freezes the gnoll sergeant but does no damage.
The gnoll sergeant misses you.
The wall freezes the gnoll!
You kill the gnoll!
Unknown command.
You barely miss the gnoll sergeant.
The gnoll sergeant is severely wounded.
The wall freezes the gnoll sergeant.
The gnoll sergeant barely misses you.
You hit the gnoll sergeant.
The gnoll sergeant is almost dead.
The wall freezes the gnoll sergeant.
The gnoll sergeant hits you with a +2 vorpal spear!
* * * LOW HITPOINT WARNING * * *
x2 Unknown command.
You hit the gnoll sergeant but do no damage.
The gnoll sergeant is almost dead.
The frozen ramparts melt away.
The gnoll sergeant hits you with a +2 vorpal spear.
You die...

##...## ##.............
##...## ##....g......# #
##...## ##..........#
####....# #.........#
..#....## ##.........##
......## ###...##.......#
......### ###)..# ##.......
........########g))#
###..##.
.........#......@### ######
......#............### #
......###............##
......# ##............###
......# #...............##
......# #................##
.....####.#...............#
# .....
#..##.............## #.
..... ##..##.............#
...


You could see a gnoll sergeant.

Vanquished Creatures
  A steam dragon (D:4)
  A black bear (D:4)
  A phantom (D:5)
  A bullfrog (D:4)
  A scorpion (D:5)
  3 hounds
  4 iguanas (D:5)
  Robin (D:2)
  4 adders (D:5)
  7 gnolls
  A white imp (D:5)
  2 dart slugs (D:3)
  5 orcs
  5 ball pythons
  6 endoplasms
  2 giant cockroaches (D:1)
  15 goblins
  9 hobgoblins
  3 jackals (D:1)
  4 quokkas
  5 bats
  4 frilled lizards
  4 kobolds
  7 rats
96 creatures vanquished.

Notes
Turn   | Place    | Note
-------+----------+-------------------------------------------
     0 | D:1      | Zonian the Deep Elf Ice Elementalist began the quest for
                  | the Orb.
     0 | D:1      | Reached XP level 1. HP: 10/10 MP: 6/6
   927 | D:1      | Reached XP level 2. HP: 15/15 MP: 6/8
  1361 | D:1      | Found a faded altar of an unknown god.
  1820 | D:1      | Reached XP level 3. HP: 16/19 MP: 8/10
  2635 | D:2      | Learned a level 3 spell: Frozen Ramparts
  2639 | D:2      | Learned a level 3 spell: Ozocubu's Armour
  2643 | D:2      | Noticed Robin
  3399 | D:2      | Killed Robin
  3403 | D:2      | Reached skill level 4 in Spellcasting
  3942 | D:3      | Reached XP level 4. HP: 20/24 MP: 10/12
  5064 | D:4      | Learned a level 4 spell: Hailstorm
  5124 | D:4      | Noticed a steam dragon
  5144 | D:4      | Noticed a black bear
  5151 | D:4      | Killed a steam dragon
  5152 | D:4      | Reached skill level 5 in Spellcasting
  5152 | D:4      | Reached skill level 5 in Ice Magic
  5152 | D:4      | Reached XP level 5. HP: 14/28 MP: 8/14
  5484 | D:4      | Killed a black bear
  5485 | D:4      | Reached XP level 6. HP: 31/32 MP: 9/16
  5782 | D:5      | Entered Level 5 of the Dungeon
  6198 | D:5      | Reached skill level 6 in Spellcasting
  6912 | D:5      | Reached skill level 5 in Stealth
  6912 | D:5      | Reached XP level 7. HP: 26/36 MP: 15/18
  7818 | D:5      | Reached skill level 7 in Spellcasting
  7889 | D:5      | Reached skill level 5 in Dodging
  8312 | D:5      | Slain by a gnoll sergeant

Illustrated notes

Levels and vault maps discovered:
D:1:      dpeg_arrival_rhombus, layout_basic,
          hellmonk_ecumenical_altar_crossroads, serial_bayou_lake_a
D:2:      layout_loops_cross, uniq_robin
D:3:      layout_basic
D:4:      layout_basic, minmay_misc_feat_tower
D:5:      layout_cave_pods, minmay_temple_entry_drinking_statues,
          minmay_fractal_squares_5

Skill      XL: |  1  2  3  4  5  6  7 |
---------------+----------------------+-----
Stealth        | 3 4 5 |  5.5
Dodging        | 3 4 5 |  5.2
Spellcasting   | 4 5 6 7 |  7.4
Ice Magic      | 5 6 |  6.1
Conjurations   | |  0.9

Action                   |  1- 3 |  4- 6 |  7- 9 || total
-------------------------+-------+-------+-------++-------
Melee: Whip              |    51 |       |       ||    51
       Short sword       |    25 |    72 |    59 ||   156
       Punch             |     1 |     1 |     3 ||     5
 Cast: Freeze            |    53 |    34 |     7 ||    94
       Frozen Ramparts   |       |     4 |     5 ||     9
       Ozocubu's Armour  |       |     3 |     2 ||     5
  Use: Scroll            |     1 |     7 |       ||     8
       Potion            |       |     2 |       ||     2
 Stab: Sleeping          |     4 |     5 |       ||     9
Armor: Robe              |    33 |    24 |     9 ||    66
       Skin              |       |     3 |       ||     3
Dodge: Dodged            |    96 |    70 |    47 ||   213

Table legend: (Time is in decaauts)
 A = Elapsed time spent in this place.
 B = Non-inter-level travel time spent in this place.
 C = Inter-level travel time spent in this place.
 D = Time resting spent in this place.
 E = Time spent auto-exploring this place.
 F = Levels seen in this place.
 G = Mean time per level.
                   A        B        C        D        E       F      G
               +--------+--------+--------+--------+--------+-----+--------+
         Total |   8343 |   8098 |    245 |   4155 |   2385 |   5 | 1668.6 |
       Dungeon |   8343 |   8098 |    245 |   4155 |   2385 |   5 | 1668.6 |
               +--------+--------+--------+--------+--------+-----+--------+

Top non-repeatable levels by time:
     D:1: 2792 daAuts
     D:5: 1881 daAuts
     D:4: 1605 daAuts
     D:2: 1146 daAuts
     D:3: 916 daAuts
